 Dungeon Crawl Stone Soup version 0.31-a0-278-g485e682e34 (webtiles) character file.

Game seed: 14972089080665582405

79 AIAndy the Changeling (level 4, -1/19 HPs)
             Began as a Felid Shapeshifter on July 16, 2023.
             Slain by Grinder (4 damage)
             ... on level 3 of the Dungeon.
             The game lasted 00:05:56 (2855 turns).

AIAndy the Changeling (Felid Shapeshifter)          Turns: 2855, Time: 00:05:56

Health: -1/19      AC:  1    Str: 13    XL:     4   Next: 16%
Magic:  5/5        EV: 17    Int:  9    God:
Gold:   189        SH:  0    Dex: 16    Spells: 3/3 levels left
                                        Lives:  0   Deaths: 1

rFire   . .          .
                       - Unarmed
rCold   . . .        (shield unavailable)
rNeg    . . .        (body armour unavailable)
rPois   .            (helmet unavailable)
rElec   .            (cloak unavailable)
rCorr   .            (gloves unavailable)
SInv    +            (boots unavailable)
Will    .....        (no amulet)
Stlth   +            (no ring)
HPRegen 0.23/turn    (no ring)
MPRegen 0.09/turn

%: no passive effects
@: beast-form, quick
A: beast (slay +3), very small, claws 1, fangs 3, see invisible, speed 1, shaggy
fur 1, stealthy paws, no weapons or thrown items, no armour, multi-lived
a: Begin Untransformation


You were on level 3 of the Dungeon.
You were a hulking beast.
You visited 1 branch of the dungeon, and saw 3 of its levels.

You collected 189 gold pieces.


Innate Abilities, Weirdness & Mutations

You are a hulking beast.
Your limbs bulge with bestial killing power. (Slay +3)
You have sharp claws.
You have razor-sharp teeth.
You have supernaturally acute eyesight. (SInv)
You cover ground quickly. (Speed+)
You are covered in fur. (AC +1)
Your paws help you pounce on unaware monsters.
You are incapable of wielding weapons or throwing items.
You cannot wear armour.
You gain extra lives every three experience levels.


   Skills:
 - Level 2.0 Fighting
 - Level 2.6 Dodging
 + Level 3.8 Unarmed Combat
 + Level 4.5 Shapeshifting


You had 3 spell levels left.
You didn't know any spells.
Your spell library was empty.

Inventory:

Talismans
 b - a beast talisman
 p - a talisman of death
Wands
 q - a wand of polymorph (7)
Scrolls
 a - a scroll of amnesia {unknown}
 d - a scroll of fog {unknown}
 e - 2 scrolls of silence {unknown}
 g - 3 scrolls of noise {unknown}
 h - a scroll of fear {unknown}
 i - 2 scrolls of enchant armour {unknown}
 l - 2 scrolls of identify {unknown}
 m - 2 scrolls of brand weapon {unknown}
 o - a scroll of immolation {unknown}
 r - a scroll of blinking {unknown}
Potions
 c - a potion of mutation {unknown}
 f - a potion of magic {unknown}
 j - a potion of curing {unknown}
 k - a potion of cancellation {unknown}
 n - 2 potions of ambrosia {unknown}

Dungeon Overview and Level Annotations

Branches:
Dungeon (3/15)

Altars:

Annotations:
D:3 Grinder

#......# #. # ###...... #.
.###........ #. .........# ##
#.......# #..[....# ###########
#.......# ≈≈≈≈≈≈≈≈≈≈## #.5.÷...#
≈≈≈≈≈≈≈≈≈≈≈## #.h.....#
.........≈≈≈# #.......#
......)...≈≈# #.#.#####
...#####..≈≈# #.#.#
####...#..≈≈###.#.#
#..'...').≈≈≈##.#.###############
#..#...#..≈≈≈##.#................
#..#########≈≈#.#################
#..........#≈≈#..................


You could see Grinder.


Message History

The goblin unwields a +0 sling.
The goblin misses you.
You barely miss the goblin. You claw the goblin!
You kill the goblin!
No target in view!
You see here a +0 sling.
There is an open door here.
There is an open door here.
You see here a +0 dagger.
There is an open gate here.
Grinder shouts!
Grinder is nearby!
You barely miss Grinder. Grinder hits you!
Ouch! That really hurt!
* * * LOW HITPOINT WARNING * * *
You writhe in agony.
* * * LOW HITPOINT WARNING * * *
You scratch Grinder.
Grinder is lightly wounded.
Grinder hits you.
* * * LOW HITPOINT WARNING * * *
You writhe in agony.
* * * LOW HITPOINT WARNING * * *
You closely miss Grinder.
Grinder is lightly wounded.
Grinder completely misses you.
You closely miss Grinder.
Grinder is lightly wounded.
Grinder hits you.
You die...

Skill      XL: |  1  2  3 |
---------------+----------+-----
Unarmed Combat | 3 |  3.8
Shapeshifting  | 4 |  4.5
Fighting       | |  2.0
Dodging        | |  2.6

Action                     |  1- 3 |  4- 6 || total
---------------------------+-------+-------++-------
  Melee: Unarmed           |    98 |    40 ||   138
         Punch             |     2 |     1 ||     3
         Bite              |     6 |     2 ||     8
    Use: Potion            |       |     1 ||     1
   Stab: Sleeping          |     3 |     1 ||     4
 Armour: Skin              |     5 |     1 ||     6
  Dodge: Dodged            |    68 |    26 ||    94
   Form: Death             |       |     1 ||     1
         Beast             |       |     1 ||     1

Levels and vault maps discovered:
D:1:      nicolae_arrival_kraken_aquarium_a, layout_basic, roderic_malta_cross,
          minivault_26
D:2:      layout_basic
D:3:      kennysheep_goblin_castle, layout_basic, uniq_grinder

Notes
Turn   | Place    | Note
-------+----------+-------------------------------------------
     0 | D:1      | AIAndy the Felid Shapeshifter began the quest for the Orb.
     0 | D:1      | Reached XP level 1. HP: 9/9 MP: 2/2
     0 | D:1      | Noticed a demigod
     0 | D:1      | Noticed a spriggan
     0 | D:1      | Noticed a human
     0 | D:1      | Noticed a kraken
     0 | D:1      | Noticed a human
     0 | D:1      | Noticed a human
     0 | D:1      | Noticed a human
     0 | D:1      | Noticed a minotaur
     0 | D:1      | Noticed a dwarf
     3 | D:1      | Killed a human
     6 | D:1      | Killed a spriggan
     7 | D:1      | Killed a human
     9 | D:1      | Killed a demigod
    11 | D:1      | Killed a minotaur
    11 | D:1      | Killed a human
    12 | D:1      | Killed a human
    13 | D:1      | Killed a dwarf
   247 | D:1      | You fall into a shaft and drop 1 floor!
   282 | D:2      | Reached XP level 2. HP: 7/12 MP: 3/3
   553 | D:2      | HP: 1/13 [poisoned by an adder]
   554 | D:2      | Reached XP level 3. HP: 1/16 MP: 4/4
   770 | D:1      | Reached skill level 3 in Unarmed Combat
   899 | D:1      | Reached skill level 4 in Shapeshifting
  1736 | D:3      | Reached XP level 4. HP: 19/19 MP: 5/5
  2498 | D:3      | Noticed Grinder
  2500 | D:3      | Paralysed by Grinder for 4 turns
  2511 | D:3      | Slain by Grinder
  2512 | D:3      | Reached XP level 3. HP: -3/24 MP: 4/4
  2667 | D:3      | Noticed Ijyb
  2682 | D:3      | Killed Ijyb
  2683 | D:3      | Reached XP level 4. HP: 4/19 MP: 5/5
  2855 | D:3      | Slain by Grinder

Vanquished Creatures
  Ijyb (D:3)
  3 adders (D:2)
  A dart slug (D:3)
  An orc (D:3)
  2 bats
  3 endoplasms
  7 giant cockroaches
  13 goblins
  5 hobgoblins
  3 jackals (D:3)
  5 kobolds
  3 quokkas
  6 ball pythons
  6 frilled lizards
  5 rats
64 creatures vanquished.

Vanquished Creatures (others)
  A minotaur (D:1)
  A spriggan (D:1)
  4 humans (D:1)
  A demigod (D:1)
  A dwarf (D:1)
  4 kobolds (D:1)
  4 tentacles (D:1)
16 creatures vanquished.

Grand Total: 80 creatures vanquished

Table legend: (Time is in decaauts)
 A = Elapsed time spent in this place.
 B = Non-inter-level travel time spent in this place.
 C = Inter-level travel time spent in this place.
 D = Time resting spent in this place.
 E = Time spent auto-exploring this place.
 F = Levels seen in this place.
 G = Mean time per level.
                   A        B        C        D        E       F      G
               +--------+--------+--------+--------+--------+-----+--------+
         Total |   2376 |   2271 |    105 |     65 |   1836 |   3 |  792.0 |
       Dungeon |   2376 |   2271 |    105 |     65 |   1836 |   3 |  792.0 |
               +--------+--------+--------+--------+--------+-----+--------+

Top non-repeatable levels by time:
     D:3: 1056 daAuts
     D:2: 793 daAuts
     D:1: 526 daAuts

Table legend:
 A = Non-vault XP
 B = Vault XP
 C = Vault XP percentage of total XP
 D = Non-vault monster count
 E = Vault monster count
 F = Vault count percentage of total count
                 A         B        C        D         E       F
            +---------+---------+-------+---------+---------+-------
      Total |     120 |      59 |  33.0 |      52 |      12 |  18.8
            +---------+---------+-------+---------+---------+-------
        D:1 |      31 |       0 |   0.0 |      18 |       0 |   0.0
        D:2 |      63 |       0 |   0.0 |      18 |       0 |   0.0
        D:3 |      26 |      59 |  69.4 |      16 |      12 |  42.9
            +---------+---------+-------+---------+---------+-------
